[Event "Titled Tuesday Blitz July 26 Late 2022"]
[White "Rose, Felix"]
[Black "Martinez, Shawn"]
[WhiteFideId "5105722"]
[BlackFideId "2039770"]
[WhiteElo "2039"]
[BlackElo "2174"]
[Result "1/2-1/2"]
[Round "05"]
[TimeControl "180+1"]
[Date "2022.07.27"]
[WhiteClock "0:00:09"]
[BlackClock "0:00:06"]

1. e4 c5 2. Nf3 e6 3. d4 cxd4 4. Nxd4 a6 5. Nc3 Bb4 6. Bd3 Nf6 7. O-O d6 8. Bd2 O-O 9. Qe2 Nbd7 10. a3 Bxc3 11. Bxc3 e5 12. Nf5 Nc5 13. Ng3 Ne6 14. Rad1 Qc7 15. Qd2 Nf4 16. Rfe1 Be6 17. Bf1 Rad8 18. Bb4 Ne8 19. Re3 b6 20. a4 a5 21. Ba3 Bc8 22. Bb5 Ne6 23. Bxe8 Rfxe8 24. Bxd6 Qc6 25. b3 Nd4 26. c3 Rxd6 27. cxd4 Rxd4 28. Qe1 Red8 29. Rxd4 Rxd4 30. Rc3 Qd7 31. Rc1 g6 32. h3 Bb7 33. Qc3 Rd3 34. Qc7 Rd1+ 35. Kh2 Ba6 36. Qb8+ Kg7 37. Rxd1 Qxd1 38. Qxe5+ f6 39. Qc7+ Kh6 40. Qxb6 Bd3 41. Qxa5 Qxb3 42. Qd2+ Kg7 43. a5 Bb5 44. Qd6 Qc4 45. e5 fxe5 46. Qxe5+ Kh6 47. Ne4 Bc6 48. Qg5+ Kg7 49. Qe7+ Kh6 50. Qh4+ Kg7 51. Qe7+ Kh6 52. Nf6 Qf4+ 53. Kg1 Qc1+ 54. Kh2 Qf4+ 55. Kg1 Qc1+ 56. Kh2 Qf4+ 1/2-1/2


[Site "https://www.chess.com"]

[Event "Titled Tuesday Blitz July 26 Late 2022"]
[White "Rustemov, Alexander"]
[Black "Riff, Vincent"]
[WhiteFideId "4119002"]
[BlackFideId "617776"]
[WhiteElo "2802"]
[BlackElo "2369"]
[Result "1-0"]
[Round "05"]
[TimeControl "180+1"]
[Date "2022.07.26"]
[WhiteClock "0:01:15"]
[BlackClock "0:00:35"]

1. d4 Nf6 2. c4 c5 3. d5 e5 4. Nc3 d6 5. e4 Be7 6. h3 Nbd7 7. Bd3 h5 8. h4 Nf8 9. g3 Ng6 10. f3 a6 11. a4 Bd7 12. Be3 a5 13. Qd2 Qb6 14. Nge2 Qc7 15. O-O-O b6 16. Kb1 O-O-O 17. Nb5 Bxb5 18. cxb5 Nd7 19. Rc1 Kb8 20. b3 Qa7 21. Ka2 Bf6 22. Nc3 Rc8 23. Nb1 Ka8 24. Na3 Be7 25. Nc4 Nf6 26. Bf1 Rcd8 27. Bh3 Qc7 28. Qe1 Nd7 29. Bd2 Bf6 30. Kb2 Rb8 31. Ra1 Rb7 32. Qf2 Ra7 33. Rhc1 Rb8 34. Qe1 Ngf8 35. Ka2 g6 36. Qf2 Bg7 37. Rc2 Rbb7 38. Rac1 Rb8 39. Rf1 Rbb7 40. Bc3 Rb8 41. f4 f6 42. Be6 Re8 43. f5 gxf5 44. exf5 Qb7 45. Qf3 Nb8 46. Nxd6 1-0


[Site "https://www.chess.com"]

[Event "Titled Tuesday Blitz July 26 Late 2022"]
[White "Rychkov, Roman"]
[Black "Krstulovic, Alex"]
[WhiteFideId "30985595"]
[BlackFideId "760056"]
[WhiteElo "1866"]
[BlackElo "2244"]
[Result "1-0"]
[Round "05"]
[TimeControl "180+1"]
[Date "2022.07.27"]
[WhiteClock "0:00:04"]
[BlackClock "0:00:02"]

1. e4 c5 2. Nf3 e6 3. c4 Nc6 4. Nc3 e5 5. Be2 g6 6. O-O Bg7 7. d3 d6 8. Nd2 Nge7 9. f4 O-O 10. Nf3 f5 11. fxe5 dxe5 12. Nd5 Nxd5 13. exd5 Nd4 14. Nxd4 cxd4 15. Bf3 Bd7 16. Qb3 b5 17. c5 Rc8 18. c6 Be8 19. Qxb5 Qd6 20. Bd2 Rb8 21. Qa5 Bf7 22. a3 Rfc8 23. Bb4 Qf6 24. d6 Rb6 25. Rac1 Bf8 26. Qxa7 Rxb4 27. axb4 Bxd6 28. b5 e4 29. dxe4 Qh4 30. g3 Bxg3 31. hxg3 Qxg3+ 32. Bg2 Qe3+ 33. Kh1 Qh6+ 34. Kg1 Qe3+ 35. Rf2 Qxc1+ 36. Bf1 Qg5+ 37. Bg2 Qc1+ 38. Bf1 d3 39. Qd4 fxe4 40. Qxe4 d2 41. Qf4 Bd5 42. Qxd2 Qc5 43. Qf4 Re8 44. Qf6 Be4 45. Qf7+ Kh8 46. Qxe8+ Kg7 47. Qf7+ Kh6 48. Qf4+ Kg7 49. Qxe4 1-0


[Site "https://www.chess.com"]

[Event "Titled Tuesday Blitz July 26 Late 2022"]
[White "Silva, Miguel Antonio Neto"]
[Black "Bogaudinov, Rushan"]
[WhiteFideId "1911929"]
[BlackFideId "4129288"]
[WhiteElo "2223"]
[BlackElo "2010"]
[Result "1/2-1/2"]
[Round "05"]
[TimeControl "180+1"]
[Date "2022.07.27"]
[WhiteClock "0:00:02"]
[BlackClock "0:00:09"]

1. Nf3 d5 2. c4 dxc4 3. e3 e6 4. Bxc4 c5 5. d4 cxd4 6. exd4 a6 7. O-O Nf6 8. Qe2 Be7 9. Rd1 b5 10. Bb3 O-O 11. Ne5 Bb7 12. Nc3 b4 13. Na4 Nbd7 14. Nxf7 Rxf7 15. Qxe6 Qf8 16. Bg5 h6 17. Bh4 Re8 18. Rac1 g5 19. Bg3 Kg7 20. Qxf7+ Qxf7 21. Bxf7 Kxf7 22. Rc7 Bd5 23. b3 Bd8 24. Ra7 a5 25. Nc5 Bc6 26. h4 Kg6 27. hxg5 hxg5 28. Nxd7 Bxd7 29. Be5 Bg4 30. f3 Bf5 31. Ra6 Re6 32. Rxe6 Bxe6 33. Bxf6 Kxf6 34. d5 Bb6+ 35. Kf1 Bd7 36. d6 Bb5+ 37. Ke1 Ke6 38. d7 Bxd7 39. Kd2 Bb5 40. Rh1 Bd4 41. Rh6+ Bf6 42. Rh7 Bd7 43. g3 Bc6 44. f4 gxf4 45. gxf4 Bc3+ 46. Kd3 Bb5+ 47. Kc2 Be8 48. Ra7 Bg6+ 49. Kc1 Kd5 50. Ra6 Bd3 51. Rxa5+ Kd4 52. Ra8 Ke3 53. Re8+ Kxf4 54. Rd8 Ke3 55. Rd7 Bd2+ 56. Kb2 Bc3+ 57. Kc1 Be4 58. Rc7 Be5 59. Re7 Bd4 60. Re8 Kd3 61. Rd8 Kc3 62. Rc8+ Kd3 63. Rd8 Bf5 64. Rd6 Ke4 65. Rd8 Be3+ 66. Kb2 Bd4+ 67. Rxd4+ Kxd4 68. a3 Kc5 69. axb4+ Kxb4 70. Ka1 Be6 1/2-1/2


[Site "https://www.chess.com"]

[Event "Titled Tuesday Blitz July 26 Late 2022"]
[White "Sivakumar, Shaaketh"]
[Black "Chiu, Isaac"]
[WhiteFideId "30940176"]
[BlackFideId "30900654"]
[WhiteElo "1799"]
[BlackElo "2181"]
[Result "0-1"]
[Round "05"]
[TimeControl "180+1"]
[Date "2022.07.27"]
[WhiteClock "0:00:48"]
[BlackClock "0:00:31"]

1. Nf3 d5 2. d4 Nf6 3. Bf4 e6 4. e3 Bd6 5. Bg3 O-O 6. Bd3 b6 7. Nbd2 c5 8. c3 Ba6 9. Bxa6 Nxa6 10. Qe2 Nb8 11. O-O Nc6 12. Bxd6 Qxd6 13. Rfd1 e5 14. dxc5 Qxc5 15. e4 dxe4 16. Nxe4 Nxe4 17. Qxe4 Rad8 18. h3 h6 19. Qe2 b5 20. Rxd8 Rxd8 21. Rd1 Re8 22. Qe4 Qc4 23. Qxc4 bxc4 24. Rd6 Rc8 25. Nd2 Na5 26. Rd5 Nb7 27. Rxe5 Kf8 28. Rb5 Nd6 29. Ra5 Rc7 30. Nf3 Rb7 31. Nd4 Rxb2 32. Rxa7 Ne4 33. Nf5 Kg8 34. Ne7+ Kh7 35. Nd5 Kg6 36. f3 Ng3 37. a4 h5 38. h4 Rd2 39. Rd7 Kh6 40. a5 Ne2+ 41. Kf2 Nxc3+ 42. Ke3 Rxd5 43. Rxd5 Nxd5+ 44. Kd4 c3 45. Kd3 Kg6 46. a6 Nb4+ 47. Kxc3 Nxa6 48. Kd4 Nc7 49. Ke5 f6+ 50. Kd6 Nb5+ 51. Ke6 Nd4+ 52. Kd5 Nc2 53. Ke4 f5+ 54. Ke5 Ne1 0-1


[Site "https://www.chess.com"]

[Event "Titled Tuesday Blitz July 26 Late 2022"]
[White "Suder, Jakub"]
[Black "Hardaway, Brewington"]
[WhiteFideId "1195310"]
[BlackFideId "30941849"]
[WhiteElo "2071"]
[BlackElo "1813"]
[Result "1-0"]
[Round "05"]
[TimeControl "180+1"]
[Date "2022.07.26"]
[WhiteClock "0:01:22"]
[BlackClock "0:01:25"]

1. d4 f6 2. c4 e6 3. Nc3 d5 4. e4 dxe4 5. Nxe4 Nc6 6. Nf3 Nge7 7. Be2 Nf5 8. d5 exd5 9. cxd5 Bb4+ 10. Nc3 Bxc3+ 11. bxc3 Nce7 12. c4 O-O 13. O-O c6 14. Qb3 Kh8 15. Rd1 cxd5 16. cxd5 Nd6 17. Nd4 Nef5 18. Ne6 Bxe6 19. dxe6 Qb6 20. Qxb6 axb6 21. g4 Rfe8 22. gxf5 Nxf5 23. Bc4 b5 24. Bb3 h5 25. Be3 b4 26. Rd7 Ra5 27. Rc1 Re5 28. Rcc7 b5 29. Rc5 Nh4 30. Rxe5 Nf3+ 31. Kg2 Nxe5 32. Rb7 Nc4 33. Rxb5 1-0


[Site "https://www.chess.com"]

[Event "Titled Tuesday Blitz July 26 Late 2022"]
[White "Tanenbaum, Zachary"]
[Black "Yoo, Christopher Woojin"]
[WhiteFideId "2060850"]
[BlackFideId "30909694"]
[WhiteElo "2175"]
[BlackElo "2105"]
[Result "0-1"]
[Round "05"]
[TimeControl "180+1"]
[Date "2022.07.26"]
[WhiteClock "0:00:07"]
[BlackClock "0:00:35"]

1. e4 c5 2. Nf3 e6 3. d4 cxd4 4. Nxd4 Nf6 5. Nc3 Nc6 6. Bf4 Bc5 7. Ndb5 O-O 8. Bd6 Bxd6 9. Nxd6 Ne8 10. Nxe8 Rxe8 11. Qd6 a6 12. Be2 b5 13. O-O Bb7 14. Rad1 Rc8 15. Qxd7 Qb6 16. Qd6 Red8 17. Qg3 Nd4 18. Qe3 b4 19. Na4 Nxe2+ 20. Qxe2 Qc6 21. b3 Qxe4 22. Qxe4 Bxe4 23. c4 bxc3 24. Nxc3 Bd3 25. Rfe1 Rxc3 26. Rd2 Rc2 27. Red1 Rxd2 28. Rxd2 Kf8 29. f3 Ke7 30. Kf2 Bb1 31. Rb2 Bg6 32. b4 Rc8 33. a4 Rc2+ 34. Rxc2 Bxc2 35. b5 a5 0-1


[Site "https://www.chess.com"]

[Event "Titled Tuesday Blitz July 26 Late 2022"]
[White "Tatarinov, Dmitry"]
[Black "Grigoriants, Sergey"]
[WhiteFideId "24160067"]
[BlackFideId "4130804"]
[WhiteElo "2302"]
[BlackElo "2502"]
[Result "0-1"]
[Round "05"]
[TimeControl "180+1"]
[Date "2022.07.26"]
[WhiteClock "0:00:02"]
[BlackClock "0:00:09"]

1. c4 e5 2. Nc3 Nf6 3. Nf3 Nc6 4. e4 Bb4 5. d3 d6 6. a3 Bc5 7. Na4 Bg4 8. b4 Bd4 9. Rb1 a5 10. b5 Nb8 11. Be2 Bxf3 12. Bxf3 Nbd7 13. O-O O-O 14. Kh1 Re8 15. Bg4 Nf8 16. Bh3 h6 17. Bd2 b6 18. Nc3 Ne6 19. Bxe6 fxe6 20. Ne2 Bc5 21. a4 Ng4 22. Be1 Rf8 23. d4 exd4 24. Nxd4 Qh4 25. h3 Ne3 26. Nf3 Rxf3 27. Qxf3 Nxf1 28. Qe2 Rf8 29. Qxf1 Bxf2 30. e5 Bg3 31. Qe2 Qe4 32. Qxe4 Rf1# 0-1


[Site "https://www.chess.com"]

[Event "Titled Tuesday Blitz July 26 Late 2022"]
[White "Todorovic, Bojan"]
[Black "Matinian, Nikita"]
[WhiteFideId "917087"]
[BlackFideId "24129100"]
[WhiteElo "2266"]
[BlackElo "2422"]
[Result "0-1"]
[Round "05"]
[TimeControl "180+1"]
[Date "2022.07.26"]
[WhiteClock "0:00:05"]
[BlackClock "0:00:54"]

1. d4 Nf6 2. c4 g6 3. Nc3 Bg7 4. e4 d6 5. Nf3 Kf8 6. Be2 Bg4 7. Nd2 Bxe2 8. Qxe2 Nc6 9. Nb3 a5 10. Be3 a4 11. Nd2 e5 12. d5 Nd4 13. Qd3 Nd7 14. O-O Nc5 15. Qb1 h5 16. b4 axb3 17. axb3 Rxa1 18. Qxa1 Nc2 19. Qb1 Nxe3 20. fxe3 Bh6 21. Rf3 Kg7 22. b4 Nd7 23. Nb5 Nf6 24. Qa2 c6 25. Nc3 Qb6 26. c5 Qxb4 27. Qc4 Qxc5 28. Qxc5 dxc5 29. dxc6 bxc6 30. Nc4 Re8 31. Rf1 Ng4 32. Re1 Rd8 33. h3 Rd3 34. hxg4 Rxc3 35. Nxe5 Bxe3+ 36. Kf1 Bf4 37. Nxc6 hxg4 38. Rd1 Rc1 39. Rxc1 Bxc1 40. Ke2 f5 41. Kd3 Kf6 42. Na5 Ke5 43. Nc4+ Ke6 0-1


[Site "https://www.chess.com"]

[Event "Titled Tuesday Blitz July 26 Late 2022"]
[White "Toncheva, Nadya"]
[Black "Leitao, Rafael"]
[WhiteFideId "2924056"]
[BlackFideId "2101246"]
[WhiteElo "1888"]
[BlackElo "2609"]
[Result "0-1"]
[Round "05"]
[TimeControl "180+1"]
[Date "2022.07.26"]
[WhiteClock "0:00:01"]
[BlackClock "0:00:19"]

1. d4 Nf6 2. c4 e6 3. Nc3 Bb4 4. e3 O-O 5. Bd3 d5 6. cxd5 exd5 7. Ne2 Re8 8. O-O Bd6 9. Bd2 b6 10. Nf4 Bb7 11. Rc1 c5 12. Qf3 Ne4 13. Rfd1 cxd4 14. exd4 Nxd2 15. Rxd2 Qg5 16. Re2 Nc6 17. Rce1 Rxe2 18. Nfxe2 Re8 19. Rd1 Rd8 20. h3 g6 21. Qg4 Qxg4 22. hxg4 Be7 23. Bb5 a6 24. Ba4 Bf6 25. Bb3 Na5 26. Nf4 Nxb3 27. axb3 Bc6 28. Kf1 Kg7 29. Ke2 a5 30. Kd3 b5 31. Ra1 b4 32. Nd1 Bb5+ 33. Kd2 Bxd4 34. Rxa5 Bc6 35. Ra6 Bb7 36. Ra5 Bf6 37. Rb5 Bc6 38. Rxb4 d4 39. g3 Bf3 40. Nd3 Bxg4 41. Rb7 Bf3 42. Ke1 Bxb7 0-1


[Site "https://www.chess.com"]

[Event "Titled Tuesday Blitz July 26 Late 2022"]
[White "Ulasevich, Sergei"]
[Black "Kozin, Yuri"]
[WhiteFideId "13505629"]
[BlackFideId "4129920"]
[WhiteElo "2151"]
[BlackElo "2528"]
[Result "0-1"]
[Round "05"]
[TimeControl "180+1"]
[Date "2022.07.27"]
[WhiteClock "0:00:01"]
[BlackClock "0:00:05"]

1. d4 d5 2. Bf4 Nf6 3. Nc3 e6 4. Nb5 Bd6 5. Nxd6+ cxd6 6. h3 O-O 7. Nf3 Nc6 8. e3 Re8 9. Be2 e5 10. Bh2 Bf5 11. O-O h6 12. c3 a6 13. a4 Qb6 14. Ra2 Rac8 15. Ne1 Na5 16. Bd3 Bxd3 17. Nxd3 e4 18. Nb4 Nc4 19. Qc1 a5 20. Nc2 Qb3 21. Ra3 Nxa3 22. Nxa3 Qxa4 23. Bxd6 b5 24. Nb1 Rc6 25. Bg3 b4 26. Bh4 Rec8 27. f3 Qb5 28. Bxf6 Rxf6 29. fxe4 Rxf1+ 30. Qxf1 Qxf1+ 31. Kxf1 dxe4 32. Ke2 a4 33. Kd2 bxc3+ 34. Nxc3 Rb8 35. Kc2 Rc8 36. Kd2 a3 37. bxa3 f5 38. a4 Kf7 39. Nd5 Ra8 40. Nc3 Ke6 41. Kc2 Rb8 42. Nb5 Kd5 43. Kc3 Rc8+ 44. Kb3 Rc1 45. a5 Ra1 46. a6 f4 47. exf4 e3 48. Kb2 Ra5 49. Nc7+ Kxd4 50. a7 e2 51. Ne6+ Ke3 52. Nc5 Rxa7 53. Nd3 Kxd3 54. Kb3 e1=Q 55. Kb2 Qc3+ 56. Kb1 Ra1# 0-1


[Site "https://www.chess.com"]

[Event "Titled Tuesday Blitz July 26 Late 2022"]
[White "Urbina Perez, Juan Antonio"]
[Black "Havanecz, Bianka"]
[WhiteFideId "2217368"]
[BlackFideId "704814"]
[WhiteElo "2192"]
[BlackElo "2294"]
[Result "1/2-1/2"]
[Round "05"]
[TimeControl "180+1"]
[Date "2022.07.27"]
[WhiteClock "0:00:22"]
[BlackClock "0:00:03"]

1. e4 c6 2. d4 d5 3. e5 c5 4. dxc5 Nc6 5. f4 Nh6 6. Be2 g6 7. Nf3 Bg7 8. Be3 O-O 9. O-O Bg4 10. Nd4 Bxe2 11. Qxe2 e6 12. c3 Nf5 13. Nd2 Nxe3 14. Qxe3 a5 15. Nxc6 bxc6 16. Nf3 Qc7 17. b4 axb4 18. cxb4 Ra4 19. Qb3 Rfa8 20. a3 f6 21. Rfe1 fxe5 22. fxe5 Qa7 23. Nd4 Qd7 24. h3 Bh6 25. Ra2 Bg5 26. Ree2 R8a6 27. Qf3 Ra8 28. Qg4 Be7 29. Qxe6+ Qxe6 30. Nxe6 Rxa3 31. Rxa3 Rxa3 32. Nd4 Ra6 33. Rc2 Bd8 34. e6 Bf6 35. Nxc6 Rxc6 36. Kf1 Bd4 37. Ke2 Rxe6+ 38. Kd3 Bg1 39. c6 Re8 40. b5 Rc8 41. Ra2 Kf7 42. Ra1 Bc5 43. Rc1 Bb6 44. Re1 Kf6 45. g4 h5 46. gxh5 gxh5 47. h4 Ra8 48. Rf1+ Ke6 49. Re1+ Kd6 50. Rf1 Kc5 51. Rf5 Ra3+ 52. Kc2 Rh3 53. Rxh5 Kxb5 54. Rxd5+ Kxc6 55. Rh5 Bf2 56. Rh6+ Kd5 57. Rf6 Bxh4 58. Rf4 Rh2+ 59. Kb3 Be7 60. Rf5+ Ke6 61. Rf1 Bd6 62. Re1+ Be5 63. Kc4 Rc2+ 64. Kd3 Rb2 65. Rh1 Kd5 66. Rh7 Rb3+ 67. Kc2 Rg3 68. Rd7+ Kc4 69. Re7 Rg2+ 70. Kd1 Bd4 71. Ke1 Kd3 72. Rf7 Rg1+ 73. Rf1 Rg2 74. Rf3+ Be3 75. Rf5 Rg1+ 76. Rf1 Bd2+ 77. Kf2 Rxf1+ 78. Kxf1 1/2-1/2


[Site "https://www.chess.com"]

[Event "Titled Tuesday Blitz July 26 Late 2022"]
[White "Vasquez Schroeder, Rodrigo"]
[Black "Sarana, Alexey"]
[WhiteFideId "3400042"]
[BlackFideId "24133795"]
[WhiteElo "2567"]
[BlackElo "2666"]
[Result "1/2-1/2"]
[Round "05"]
[TimeControl "180+1"]
[Date "2022.07.26"]
[WhiteClock "0:00:13"]
[BlackClock "0:00:15"]

1. d4 Nf6 2. c4 e6 3. Nf3 d5 4. Nc3 Nbd7 5. cxd5 exd5 6. Bf4 c6 7. e3 Nh5 8. Bg5 Be7 9. Bxe7 Qxe7 10. Be2 O-O 11. O-O g6 12. Rb1 a5 13. a3 Ndf6 14. Ne5 Bf5 15. Rc1 Ng7 16. Na4 Ne4 17. Nd3 Nd6 18. Ndc5 b5 19. Nc3 a4 20. Na2 Nc4 21. Bxc4 dxc4 22. Nb4 Qc7 23. Qf3 Rac8 24. e4 Bd7 25. Qg3 Rfd8 26. Rcd1 Ne6 27. Nba6 Qxg3 28. hxg3 Kf8 29. Nb7 Re8 30. Nd6 Red8 31. Nxc8 Bxc8 32. Nc5 Nxd4 33. f3 Ke7 34. Kf2 h5 35. Rd2 Nb3 36. Rxd8 Kxd8 37. Nxb3 axb3 38. Ke3 c5 39. Kd2 Kc7 40. Kc3 Be6 41. Rd1 Kc6 42. Rd8 Kc7 43. Rd2 Bd7 44. Rd5 Kc6 45. Rd2 Be6 46. e5 Bd5 47. Rd1 Be6 48. Rd6+ Kc7 49. Rd2 Kc6 50. Rd6+ Kc7 51. Kd2 Kb7 52. Kc3 Kc7 1/2-1/2


[Site "https://www.chess.com"]

[Event "Titled Tuesday Blitz July 26 Late 2022"]
[White "Veiga, Jose Francisco R P Neves"]
[Black "Van Dael, Siem"]
[WhiteFideId "1930087"]
[BlackFideId "1049771"]
[WhiteElo "2288"]
[BlackElo "2113"]
[Result "1/2-1/2"]
[Round "05"]
[TimeControl "180+1"]
[Date "2022.07.27"]
[WhiteClock "0:00:09"]
[BlackClock "0:00:07"]

1. e4 c5 2. Nf3 d6 3. Bb5+ Nd7 4. O-O Nf6 5. Re1 a6 6. Bf1 e5 7. c3 b5 8. a4 Rb8 9. axb5 axb5 10. d4 cxd4 11. cxd4 b4 12. d5 Be7 13. Nbd2 O-O 14. Nc4 Nc5 15. Nfd2 b3 16. Na5 Bd7 17. Naxb3 Nfxe4 18. Nxc5 Nxc5 19. Nc4 f5 20. Be3 Ne4 21. Ra7 Bb5 22. f3 Nf6 23. Qd2 f4 24. Bf2 e4 25. Qxf4 exf3 26. Rexe7 Nh5 27. Qg5 Rf7 28. h4 Rxe7 29. Qxe7 Qxe7 30. Rxe7 Nf6 31. gxf3 Nxd5 32. Re6 Nf4 33. Rxd6 h6 34. Bd4 Kh7 35. Rb6 Rd8 36. Be3 Bxc4 37. Bxc4 Nh5 38. Kf2 Nf6 39. Ke2 Re8 40. Bd3+ Kh8 41. Kd2 Rxe3 42. Rb8+ Re8 43. Rxe8+ Nxe8 44. b4 Nd6 45. Kc3 Kg8 46. Kd4 Kf7 47. Kc5 Ke7 48. Kc6 Nc8 49. b5 Na7+ 50. Kb7 Nxb5 51. Bxb5 Kf6 52. Bd7 Ke5 53. Kc6 Kf4 54. Bg4 g6 55. h5 gxh5 56. Bxh5 Kg5 57. Bg4 h5 58. Kd5 hxg4 59. fxg4 Kxg4 1/2-1/2


[Site "https://www.chess.com"]

[Event "Titled Tuesday Blitz July 26 Late 2022"]
[White "Vivekananthan, Anish"]
[Black "Chen, Justin"]
[WhiteFideId "2090775"]
[BlackFideId "2098199"]
[WhiteElo "2772"]
[BlackElo "2289"]
[Result "1-0"]
[Round "05"]
[TimeControl "180+1"]
[Date "2022.07.26"]
[WhiteClock "0:00:31"]
[BlackClock "0:00:02"]

1. d4 d5 2. c4 e6 3. Nf3 Nf6 4. Nc3 Be7 5. Bf4 O-O 6. e3 b6 7. Bd3 Ba6 8. cxd5 Nxd5 9. Nxd5 Qxd5 10. O-O c5 11. Bxa6 Nxa6 12. Qa4 Qb7 13. Rfd1 Rfd8 14. Rac1 Rac8 15. h3 h6 16. a3 cxd4 17. Nxd4 Nc5 18. Qb5 a6 19. Qe2 Bf6 20. Nf3 Nb3 21. Rxc8 Rxc8 22. Be5 Be7 23. Bc3 Nc5 24. Ne5 Bf6 25. Nc4 Rd8 26. Rxd8+ Bxd8 27. Qg4 f5 28. Qd4 Bf6 29. Qd6 Bxc3 30. bxc3 Qe4 31. Nxb6 Nd3 32. Nd7 f4 33. Qf8+ Kh7 34. Qf7 Qf5 35. Nf8+ Kh8 36. Ng6+ Kh7 37. Qxf5 exf5 38. Nxf4 Ne5 39. Nd5 Nc4 40. a4 a5 41. Ne7 Nb2 42. Nc6 Nxa4 43. c4 1-0


[Site "https://www.chess.com"]

[Event "Titled Tuesday Blitz July 26 Late 2022"]
[White "Voege, Tobias"]
[Black "Wu, Rochelle"]
[WhiteFideId "1270513"]
[BlackFideId "30908132"]
[WhiteElo "2379"]
[BlackElo "2168"]
[Result "0-1"]
[Round "05"]
[TimeControl "180+1"]
[Date "2022.07.27"]
[WhiteClock "0:00:01"]
[BlackClock "0:00:16"]

1. e4 c5 2. Nf3 g6 3. d4 cxd4 4. c3 dxc3 5. Nxc3 Bg7 6. Bc4 Nc6 7. O-O d6 8. Qe2 Nf6 9. Rd1 Qa5 10. Bg5 O-O 11. Nd5 Bg4 12. b4 Qd8 13. Bxf6 exf6 14. h3 Bxf3 15. gxf3 f5 16. Rac1 Qg5+ 17. Kh1 Rae8 18. Bb5 Qh5 19. Kg2 fxe4 20. fxe4 Qxe2 21. Bxe2 Rxe4 22. Bf3 Rxb4 23. Nxb4 Nxb4 24. a3 Na6 25. Rxd6 Bb2 26. Rc2 Bxa3 27. Rd7 Nc5 28. Rc7 Ne6 29. Rxb7 a5 30. Bd5 Nf4+ 31. Kf3 Nxd5 32. Rb5 Nb4 33. Rc3 Bb2 34. Rb3 Bf6 35. Kg2 Nc6 36. Rc5 Nd4 37. Rb6 Be7 38. Rd5 Nf5 39. Rb7 Bb4 40. Ra7 Re8 41. Rdd7 Nd6 42. Ra6 Re6 43. Rd8+ Kg7 44. Rd7 Re2 45. Raxd6 Bxd6 46. Rxd6 a4 47. Ra6 Ra2 48. Kg3 h5 49. h4 f6 50. Kg2 Kh6 51. Kg3 Kg7 52. Kg2 g5 53. hxg5 fxg5 54. Kg3 Ra1 55. Kf3 a3 56. Kg2 Kf7 57. Kf3 Ke7 58. Kg3 Kd7 59. Kg2 a2 60. Kh2 Kc7 61. Kg2 Kb7 62. Ra3 Kb6 63. Ra8 Kb5 64. Rb8+ Kc4 65. Rc8+ Kd3 66. Rd8+ Ke4 67. Re8+ Kf5 68. Rf8+ Kg4 69. Ra8 h4 70. Ra4+ Kh5 71. Kh2 h3 72. Ra8 Kh4 73. Rh8+ Kg4 74. Ra8 Kf3 75. Rf8+ Ke2 76. Ra8 Kxf2 77. Rf8+ Ke3 78. Re8+ Kf4 79. Rf8+ Kg4 80. Ra8 Rb1 81. Ra4+ Kh5 82. Rxa2 g4 0-1


[Site "https://www.chess.com"]

[Event "Titled Tuesday Blitz July 26 Late 2022"]
[White "Vovk, Orest"]
[Black "Pakleza, Zbigniew"]
[WhiteFideId "14113490"]
[BlackFideId "1119290"]
[WhiteElo "2203"]
[BlackElo "2467"]
[Result "0-1"]
[Round "05"]
[TimeControl "180+1"]
[Date "2022.07.26"]
[WhiteClock "0:00:01"]
[BlackClock "0:00:06"]

1. h3 d5 2. e4 dxe4 3. Nc3 Nf6 4. Qe2 Qd4 5. g4 Nc6 6. a3 e6 7. Bg2 h5 8. g5 Nd5 9. Qxe4 Nf4 10. Bf3 Bc5 11. Qxd4 Nxd4 12. Bd1 e5 13. Ne4 Bb6 14. d3 Ng2+ 15. Kf1 Nh4 16. c3 Nc6 17. Nf3 Nxf3 18. Bxf3 Bf5 19. Be3 O-O-O 20. Bxb6 axb6 21. Ke2 Ne7 22. Rad1 Ng6 23. Ke3 Nf4 24. Be2 Bxh3 25. d4 Bg2 26. dxe5 Nd5+ 27. Rxd5 Rxd5 28. Rg1 Bxe4 29. Kxe4 Rd2 30. Ke3 Rxb2 31. Bc4 Rf8 32. f4 Kd7 33. f5 h4 34. e6+ fxe6 35. Bxe6+ Ke7 36. Rh1 Rh8 37. Kf4 h3 38. Ke5 Re2+ 39. Kd5 h2 40. Kd4 Rxe6 41. fxe6 Kxe6 42. Ke4 Rh4+ 43. Kf3 Kf5 44. Kg3 Kxg5 45. Kg2 b5 46. Kg3 c5 47. Kg2 Kg4 48. Kf2 g5 49. Kg2 Rh8 50. Kf2 Kh3 51. Rd1 Rf8+ 52. Ke3 g4 53. Rd8 Rxd8 0-1


[Site "https://www.chess.com"]

[Event "Titled Tuesday Blitz July 26 Late 2022"]
[White "Wachinger, Guenther"]
[Black "Arnold, Ken"]
[WhiteFideId "4604261"]
[BlackFideId "2056836"]
[WhiteElo "2212"]
[BlackElo "2290"]
[Result "1-0"]
[Round "05"]
[TimeControl "180+1"]
[Date "2022.07.27"]
[WhiteClock "0:00:11"]
[BlackClock "0:00:01"]

1. e4 c6 2. c4 d5 3. cxd5 cxd5 4. exd5 Nf6 5. Nc3 Nbd7 6. Nf3 g6 7. Bc4 Bg7 8. O-O O-O 9. d4 Nb6 10. Qb3 Bf5 11. Re1 Rc8 12. Ne5 Nxc4 13. Nxc4 Nxd5 14. Ne3 Nxe3 15. Bxe3 b6 16. Rad1 Qd7 17. d5 h6 18. Bd4 Bxd4 19. Rxd4 Rc5 20. Red1 Rfc8 21. h3 g5 22. Re1 Bg6 23. Qd1 b5 24. a3 a5 25. Qe2 e6 26. Red1 b4 27. axb4 axb4 28. dxe6 Qxe6 29. Qxe6 fxe6 30. Rxb4 Rf8 31. Rb6 Bf7 32. Ne4 Rc2 33. Rd2 Rfc8 34. Rxc2 Rxc2 35. b4 Rb2 36. Rb7 Bg6 37. Nf6+ Kf8 38. Nd7+ Ke8 39. Ne5 Be4 40. Rb8+ Ke7 41. f3 Bd5 42. Rh8 Kd6 43. Nf7+ Ke7 44. Nxh6 Rxb4 45. Ng4 Rb1+ 46. Kh2 Rb2 47. Kg3 Rb5 48. Rh7+ Kf8 49. Nf6 Bc4 50. Rc7 Bf1 51. Kf2 Bd3 52. Kg3 Bf5 53. Nd7+ Ke8 54. Nf6+ Kf8 55. h4 gxh4+ 56. Kxh4 Rb2 57. g4 Bg6 58. Kg5 Bf7 59. f4 Rf2 60. Ne4 Rf1 61. Nd6 1-0


[Site "https://www.chess.com"]

[Event "Titled Tuesday Blitz July 26 Late 2022"]
[White "Weetik, Vjacheslav"]
[Black "Nakamura, Hikaru"]
[WhiteFideId "4153472"]
[BlackFideId "2016192"]
[WhiteElo "2469"]
[BlackElo "2850"]
[Result "1-0"]
[Round "05"]
[TimeControl "180+1"]
[Date "2022.07.26"]
[WhiteClock "0:00:06"]
[BlackClock "0:00:59"]

1. d4 f5 2. g3 g6 3. Bg2 Bg7 4. c3 d6 5. Qb3 c6 6. Nd2 e5 7. dxe5 dxe5 8. e4 Qe7 9. Ngf3 f4 10. O-O g5 11. Rd1 Be6 12. Nc4 Kf8 13. Nxg5 Bxc4 14. Qxc4 Qxg5 15. Qb4+ Qe7 16. Rd8+ Kf7 17. Qb3+ Qe6 18. Qxb7+ Qe7 19. Rxb8 Rxb8 20. Qxb8 Nf6 21. Qb3+ Kg6 22. gxf4 h6 23. Be3 Kh7 24. Bh3 Re8 25. Bf5+ Kh8 26. fxe5 Qxe5 27. Qf7 c5 28. Qg6 Rg8 29. Kh1 Qe7 30. Qg2 Nd7 31. Qh3 Nf6 32. Bxh6 Rd8 33. Rg1 Bxh6 34. Qxh6+ Nh7 35. Bxh7 1-0


[Site "https://www.chess.com"]

[Event "Titled Tuesday Blitz July 26 Late 2022"]
[White "Yedidia, Daniel"]
[Black "Jorquera, Marcelo"]
[WhiteFideId "30905907"]
[BlackFideId "3401197"]
[WhiteElo "2538"]
[BlackElo "2136"]
[Result "1-0"]
[Round "05"]
[TimeControl "180+1"]
[Date "2022.07.27"]
[WhiteClock "0:00:11"]
[BlackClock "0:00:01"]

1. d4 Nf6 2. c4 g6 3. Nc3 Bg7 4. e4 d6 5. Nf3 O-O 6. Be2 e5 7. Be3 exd4 8. Nxd4 Re8 9. f3 c6 10. Qd2 d5 11. exd5 cxd5 12. c5 Nc6 13. Nxc6 bxc6 14. O-O Bf5 15. Bd4 Rb8 16. Rfe1 Bf8 17. a3 a5 18. Na4 Nd7 19. Rac1 Rb3 20. Bf1 Rxe1 21. Qxe1 Qg5 22. Rc3 Rxc3 23. Qxc3 h5 24. Nb6 h4 25. Nxd7 Bxd7 26. Qe3 Qf5 27. b4 axb4 28. axb4 Bg7 29. Bd3 Qe6 30. Qxe6 Bxe6 31. Bxg7 Kxg7 32. Kf2 Kf6 33. Ke3 g5 34. Kd4 Bd7 35. g3 hxg3 36. hxg3 Ke6 37. Bf1 f6 38. f4 gxf4 39. gxf4 Ke7 40. Bd3 Kd8 41. Bg6 Kc7 42. Bf7 Kd8 43. b5 cxb5 44. Bxd5 Kc7 45. Kc3 Bc6 46. Be6 Kb7 47. Kb4 Kc7 48. Bf5 Kb7 49. Bd3 Ka6 50. Bf5 Be8 51. Bc8+ Ka7 52. Ka5 1-0


[Site "https://www.chess.com"]